 Dungeon Crawl Stone Soup version 0.29.0-13-gc9e81de378 (webtiles) character file.

Game seed: 18240117598307798017

72 mdonais the Trooper (level 4, -4/40 HPs)
             Began as a Meteoran Abyssal Knight on Sept 10, 2022.
             Was a Priest of Lugonu.
             Killed by divine providence
             ... invoked by an orc priest
              (12 damage)
             ... on level 3 of the Dungeon.
             The game lasted 00:06:29 (551 turns).

mdonais the Trooper (Meteoran Abyssal Knight)        Turns: 551, Time: 00:06:30

Health: -4/40      AC:  4    Str: 16    XL:     4   Next: 79%
Magic:  7/7        EV: 12    Int: 11    God:    Lugonu [***...]
Gold:   66         SH:  0    Dex: 15    Spells: 3/3 levels left

rFire   . . .      SeeInvis .   a - +1 hand axe
rCold   . . .      Faith    .   (no shield)
rNeg    . . .      Spirit   .   b - +0 leather armour
rPois   +          Reflect  .   (no helmet)
rElec   .          Harm     .   (no cloak)
rCorr   .          Rampage  .   d - +0 pair of gloves
Will    .....                   (no boots)
Stlth   +.........              (no amulet)
HPRegen 0.13/turn               o - ring of poison resistance
MPRegen 0.10/turn               (no ring)

@: attractive, glowing
A: sense surroundings 1, otherworldly, glowing, explore regen
a: Renounce Religion, Depart the Abyss, Bend Space, Banish


You were on level 3 of the Dungeon.
You worshipped Lugonu.
Lugonu was most pleased with you.
You visited 1 branch of the dungeon, and saw 3 of its levels.
You visited the Abyss 1 time.

You collected 66 gold pieces.

Inventory:

Hand Weapons
 a - a +1 hand axe (weapon)
Armour
 b - a +0 leather armour (worn)
 d - a +0 pair of gloves (worn)
   (You found it on level 1 of the Dungeon)
Jewellery
 o - a ring of poison resistance (left hand)
   (You found it on level 1 of the Dungeon)
Scrolls
 c - a scroll of teleportation {unknown}
 f - a scroll of poison {unknown}
 h - a scroll of noise {unknown}
 j - a scroll of blinking {unknown}
 k - a scroll of enchant armour {unknown}
 l - a scroll of fog {unknown}
Potions
 e - a potion of attraction
 g - a potion of curing {unknown}
 i - a potion of might {unknown}


   Skills:
 + Level 3.9 Fighting
 + Level 3.3 Axes
 + Level 3.2 Armour
 - Level 1.7 Dodging
 + Level 3.4 Invocations


You had 3 spell levels left.
You didn't know any spells.
Your spell library was empty.

Dungeon Overview and Level Annotations

Branches:
Dungeon (3/15) Zot: 1251

Altars:


Innate Abilities, Weirdness & Mutations

You passively map a small area around you.
You are easily found by Zot.
You glow in the dark.
You regain HP and MP as you explore.


Message History

You take 1 damage, and have 39/40 hp.
You barely miss the quokka. The quokka completely misses you.
You miss the quokka. The quokka barely misses you.
Health restored: 40 You barely miss the quokka.
The quokka bites you.
The quokka bites you but does no damage.
You take 3 damage, and have 37/40 hp.
You closely miss the quokka. The quokka closely misses you.
You hit the quokka.
The quokka is almost dead.
The quokka bites you.
You take 1 damage, and have 36/40 hp.
You hit the hobgoblin.
The hobgoblin is severely wounded.
You barely miss the quokka. The hobgoblin misses you.
The quokka bites you but does no damage. x2
The hobgoblin closely misses you.
You hit the hobgoblin but do no damage.
The hobgoblin is severely wounded.
You hit the quokka but do no damage.
The quokka bites you but does no damage.
The hobgoblin hits you.
You take 1 damage, and have 35/40 hp.
You hit the hobgoblin.
You kill the hobgoblin!
Lugonu accepts your kill.
You hit the quokka.
You kill the quokka!
Lugonu accepts your kill.
There is a stone staircase leading up here.
You regained 2 hp, and now have 37/40 hp.
You climb upwards.
HP restored.
The jackal barks! x2; You hear a bark!
You hear an angry hiss.
There is a stone staircase leading down here.
Health restored: 40 A jackal comes into view.
Found a scroll labelled DIUSHA OGHA.
The jackal barks!
A ball python comes into view.
The jackal bites you but does no damage.
You hit the jackal.
The jackal is almost dead.
The jackal barely misses you.
You closely miss the jackal.
The jackal bites you but does no damage.
You barely miss the jackal.
The jackal bites you but does no damage.
The jackal closely misses you.
You barely miss the jackal. The jackal bites you.
The jackal bites you but does no damage.
You take 1 damage, and have 39/40 hp.
You barely miss the jackal. Your punch misses the jackal. The jackal bites you.
You take 2 damage, and have 37/40 hp.
You closely miss the jackal. The jackal bites you.
The jackal closely misses you.
You take 2 damage, and have 35/40 hp.
You hit the jackal.
You kill the jackal!
Lugonu accepts your kill. The jackal barely misses you.
You hit the jackal.
You kill the jackal!
Lugonu accepts your kill. The jackal barely misses you.
You hit the jackal.
The jackal is moderately wounded.
The jackal closely misses you. The jackal bites you.
You take 3 damage, and have 32/40 hp.
You hit the jackal.
You kill the jackal!
Lugonu accepts your kill. The ball python misses you.
The ball python grabs you. The ball python constricts you.
You take 1 damage, and have 31/40 hp.
You slash the ball python!
You kill the ball python!
Lugonu accepts your kill.
No target in view!
No target in view!
Items here: ††††.
You regained 3 hp, and now have 35/40 hp.
k - a scroll labelled DIUSHA OGHA
Found a scroll labelled TINAUPSI BANYP.
Found a dagger.
Health restored: 40
l - a scroll labelled TINAUPSI BANYP A rat comes into view.
A bat comes into view.
The bat barely misses you.
You barely miss the rat. You barely miss the bat. The bat misses you.
The bat barely misses you. The rat closely misses you.
You hit the rat.
You kill the rat!
Lugonu accepts your kill.
You barely miss the bat. The bat barely misses you.
The bat hits you but does no damage.
You slash the bat!
You kill the bat!
Lugonu accepts your kill.
No target in view!
Items here: ††††.
There is a stone staircase leading down here.
You climb downwards.
There is a stone staircase leading up here.
There is a stone staircase leading down here.
You climb downwards.
There is a stone staircase leading up here.
An orc comes into view. It is wielding a +0 short sword.
The orc shouts!
You hear a shout!
An orc comes into view. It is wielding a +0 short sword.
An orc priest comes into view. It is wielding a +0 club.
The orc moves out of view.
The orc shouts!
Found a long sword.
An orc priest and an orc wizard come into view.
The orc wizard is wielding a +2 dagger of draining.
The orc priest shouts!
The orc wizard shouts!
The orc priest calls down the wrath of Beogh upon you.
Beogh smites you!
You take 10 damage, and have 30/40 hp.
MASSIVE DAMAGE!!
The orc hits you but does no damage.
You closely miss the orc. The orc hits you with a +0 short sword.
You take 1 damage, and have 29/40 hp.
You slash the orc!
You kill the orc!
Lugonu accepts your kill.
You completely miss the orc. The orc hits you but does no damage.
The orc wizard mumbles some strange words.
The orc wizard flickers and vanishes!
Deactivating autopickup; reactivate with Ctrl-A.
The orc priest mumbles some strange prayers to Beogh against you.
Beogh smites you!
You take 11 damage, and have 18/40 hp.
MASSIVE DAMAGE!!
You are too injured to fight recklessly!
You are too injured to fight recklessly!
You barely miss the orc priest. You closely miss the orc.
The orc priest misses you. The orc hits you but does no damage.
The orc priest invokes the aid of Beogh against you.
Beogh smites you!
* * * LOW HITPOINT WARNING * * *
You take 10 damage, and have 8/40 hp.
MASSIVE DAMAGE!!
It was a potion of attraction.
You feel attractive to monsters. The orc barely misses you.
You hit the orc priest.
The orc priest is lightly wounded.
You hit the orc.
The orc priest invokes the aid of Beogh against you.
Beogh smites you!
You die...

...####....# , ,,*
##..#.# * * , ,*
#...#.# , #.#.#.# ,
*#+# #...# #.# #.###
* #.# #.###.###.# * ,
##.###.........# *
.#####@..######.#####
, ......oo...# #.# *
#.....o#...#####.#
*##..##...........# *
..., ###.#.#######
*##* #.#.# , *#.#.# *
, ,.)..# *#.###


You could see 2 orc priests and an orc.

Vanquished Creatures
  3 adders (D:2)
  A dart slug (D:2)
  An orc (D:3)
  4 ball pythons
  4 endoplasms (D:2)
  A goblin (D:2)
  3 hobgoblins (D:2)
  11 jackals
  A quokka (D:2)
  4 bats
  A frilled lizard (D:1)
  A kobold (D:1)
  3 rats
38 creatures vanquished.

Notes
Turn   | Place    | Note
-------+----------+-------------------------------------------
     0 | Abyss:1  | mdonais the Meteoran Abyssal Knight began the quest for the
                  | Orb.
     0 | Abyss:1  | Reached XP level 1. HP: 19/19 MP: 3/3
     6 | Abyss:1  | Found a corrupted altar of Lugonu.
    22 | D:1      | Escaped the Abyss
   132 | D:1      | Reached XP level 2. HP: 20/26 MP: 4/4
   299 | D:2      | Reached XP level 3. HP: 30/31 MP: 6/6
   331 | D:2      | Reached XP level 4. HP: 32/40 MP: 7/7
   332 | D:2      | Reached *** piety under Lugonu
   551 | D:3      | Killed from afar by an orc priest

Illustrated notes

Levels and vault maps discovered:
D:1:      dpeg_arrival_castle, layout_loops_ring
D:2:      layout_rooms, hex_medium, eino_curves_03
D:3:      layout_loops_corners, ebering_ecumenical_altar_webs,
          grunt_decor_junction, minmay_snake_closets

Skill      XL: |  1  2  3 |
---------------+----------+-----
Invocations    | 3 |  3.4
Axes           | 3 |  3.3
Armour         | 3 |  3.2
Fighting       | |  3.9
Dodging        | |  1.7

Action                   |  1- 3 |  4- 6 || total
-------------------------+-------+-------++-------
Melee: Hand axe          |    56 |    56 ||   112
       Punch             |     1 |       ||     1
  Use: Potion            |       |     1 ||     1
Armor: Leather armour    |    36 |    26 ||    62
Dodge: Dodged            |    35 |    33 ||    68
